 Dungeon Crawl Stone Soup version 0.31-a0-182-gc5ef74bbde (webtiles) character file.

Game seed: 12494770332142459825

444860 ragingrage the Warrior (level 23, 0/121 (137) HPs)
             Began as a Barachi Chaos Knight on June 19, 2023.
             Was a Favourite Plaything of Xom.
             Killed by a malign offering
             ... invoked by a deep elf high priest
              (22 damage)
             ... on level 5 of the Vaults on June 20, 2023.
             The game lasted 01:41:50 (52861 turns).

ragingrage the Warrior (Barachi Chaos Knight)      Turns: 52861, Time: 01:41:50

HP:   0/121 (137)   AC: 22    Str: 13      XL:     23   Next: 85%
MP:   30/30         EV: 22    Int: 14      God:    Xom [*.....]
Gold: 1884          SH: 20    Dex: 19 (20) Spells: 14/36 levels left

rFire   + + .        a - +7 demon blade (freeze)
rCold   x . .        O - +5 Storm Queen's Shield {shock, Fly rElec}
rNeg    . . .        E - +1 troll leather armour {Snorg}
rPois   +            t - +0 helmet of Pragmatism {rElec Regen+ Stlth+}
rElec   +            m - +2 cloak
rCorr   .            D - +1 pair of gloves "Notzuef" {*Corrode rPois Str+2 Dex+4}
SInv    .            P - +2 pair of boots "Kox Obby" {rF++ rC+}
Will    ++...        k - amulet of regeneration
Stlth   +++++        I - +4 ring of protection
HPRegen 2.80/turn    i - ring "Pisohef" {rPois Will+ Slay+4}
MPRegen 0.22/turn

%: corrode self (3%)
@: about to teleport, marked, flying, hasted, heavily drained, unable to read,
unable to drink, very quick
A: amphibious, slowness 1, strong legs 2, +LOS, [clumsy 2], [deformed body],
[frail 3], [low MP 1], [weak 2], [cold vulnerability 2], [subdued magic 1],
[inability to drink after injury 2], [inability to read after injury 2]
}: 3/15 runes: barnacled, abyssal, gossamer
a: Hop, Renounce Religion


You were on level 5 of the Vaults.
You worshipped Xom.
You were a special plaything of Xom.
You visited 8 branches of the dungeon, and saw 41 of its levels.
You visited the Abyss 3 times.
You also visited: Sewer and Gauntlet.

You collected 4804 gold pieces.
You spent 2920 gold pieces at shops.

Inventory:

Hand Weapons
 a - a +7 demon blade of freezing (weapon)
 b - the +11 dagger of Tumult {heavy, Int-2 Dex+7 SInv}
   (You found it on level 3 of the Spider Nest)

   Int:       It affects your intelligence (-2).
   Dex:       It affects your dexterity (+7).
   SInv:      It lets you see invisible.
 c - a +4 eudemon blade of holy wrath
Missiles
 z - 5 throwing nets
Armour
 g - the +8 orange crystal plate armour {Archmagi, Int+3 Clar}
   (You found it on level 2 of the Depths)

   Int:       It affects your intelligence (+3).
   Clar:      It protects you from confusion, rage, mesmerisation and fear.
 m - a +2 cloak (worn)
 t - the +0 helmet of Pragmatism (worn) {rElec Regen+ Stlth+}
   (You found it on level 2 of the Depths)

   rElec:     It insulates you from electricity.
   Regen:     It increases your rate of health regeneration.
   Stlth:     It makes you more stealthy.
 D - the +1 pair of gloves "Notzuef" (worn) {*Corrode rPois Str+2 Dex+4}
   (You found it on level 1 of the Elven Halls)

   Str:       It affects your strength (+2).
   Dex:       It affects your dexterity (+4).
   rPois:     It protects you from poison.
   *Corrode:  It may corrode you when you take damage.
 E - a +1 troll leather armour (worn) {Snorg}
 O - the +5 Storm Queen's Shield (worn) {shock, Fly rElec}
   (You found it on level 4 of the Lair of Beasts)

   Shock:     When it blocks an attack, it may electrocute the attacker.
   This works even against foes who are a short distance away.
   rElec:     It insulates you from electricity.
   Fly:       It grants you flight.
 P - the +2 pair of boots "Kox Obby" (worn) {rF++ rC+}
   (You bought it in a shop on level 2 of the Orcish Mines)

   rF:        It greatly protects you from fire.
   rC:        It protects you from cold.
Jewellery
 i - the ring "Pisohef" (right hand) {rPois Will+ Slay+4}
   (You bought it in a shop on level 5 of the Dungeon)

   [ring of slaying]

   Slay:      It affects your accuracy & damage with ranged weapons and melee
   (+4).
   rPois:     It protects you from poison.
   Will:      It increases your willpower.
 k - an amulet of regeneration (around neck)
 I - a +4 ring of protection (left hand)
Wands
 u - a wand of charming (39)
 x - a wand of polymorph (13)
 L - a wand of iceblast (39)
 N - a wand of digging (17)
 V - a wand of light (1)
 X - a wand of mindburst (19)
Scrolls
 d - a scroll of fear
 l - 5 scrolls of poison
 n - 5 scrolls of fog
 p - 8 scrolls of blinking
 v - 5 scrolls of vulnerability
 y - a scroll of torment
 A - 6 scrolls of summoning
 F - 6 scrolls of immolation
 H - a scroll of silence
 R - 3 scrolls of revelation
 U - 9 scrolls of teleportation
Potions
 e - 4 potions of enlightenment
 f - 10 potions of lignification
 j - 8 potions of mutation
 q - a potion of cancellation
 r - 6 potions of might
 w - 3 potions of haste
 B - 4 potions of invisibility
 G - 8 potions of heal wounds
 J - 8 potions of attraction
 M - 12 potions of curing
 Q - 13 potions of ambrosia
 S - 2 potions of resistance
 Y - a potion of berserk rage
 Z - 7 potions of brilliance
Miscellaneous
 o - a phial of floods
 s - a tin of tremorstones (2/2)
 C - a phantom mirror
 K - a piece from Xom's chessboard (15/15)
 T - a box of beasts (inert)
 W - a lightning rod (4/4)


   Skills:
 + Level 20.1 Fighting
 - Level 9.6(12.4) Short Blades
 - Level 13.5(15.0) Long Blades
 - Level 18.0 Armour
 - Level 16.7 Dodging
 - Level 8.0 Stealth
 - Level 18.0 Shields
 - Level 7.0 Spellcasting
 - Level 5.0 Hexes
 + Level 14.1 Translocations
 + Level 8.2 Transmutations
 - Level 8.0 Ice Magic
 - Level 3.0 Air Magic
 - Level 6.0 Earth Magic
 - Level 16.0 Evocations


You had 14 spell levels left.
You knew the following spells:

 Your Spells              Type           Power      Damage    Failure   Level
a - Wereblood             Tmut           21%        N/A       1%          2
b - Passwall              Tmut/Erth      15%        N/A       1%          2
c - Blink                 Tloc           68%        N/A       1%          2
d - Manifold Assault      Tloc           34%        N/A       1%          4
f - Ozocubu's Armour      Ice            21%        N/A       2%          3
g - Passage of Golubria   Tloc           34%        N/A       1%          4
h - Lesser Beckoning      Tloc           68%        N/A       1%          2
i - Vhi's Electric Charg  Tloc/Air       44%        N/A       1%          3

Your spell library contained the following spells:

 Spells                   Type           Power      Damage    Failure   Level
 Sandblast                Erth           32%        2d9       1%          1
 Ensorcelled Hibernation  Hex/Ice        34%        N/A       1%          2
 Momentum Strike          Conj/Tloc      38%        3d9       1%          2
 Portal Projectile        Hex/Tloc       48%        N/A       1%          3
 Volatile Blastmotes      Fire/Tloc      38%        2d13      3%          3
 Tukima's Dance           Hex            14%        N/A       8%          3
 Iskenderun's Mystic Bla  Conj/Tloc      19%        2d6       12%         4
 Petrify                  Tmut/Erth      19%        N/A       12%         4
 Stone Arrow              Conj/Erth      20%        3d8       19%         3
 Swiftness                Air            10%        N/A       19%         3
 Blade Hands              Tmut           10%        N/A       21%         5
 Magic Dart               Conj           12%        1d3       22%         1
 Summon Small Mammal      Summ           12%        N/A       22%         1
 Leda's Liquefaction      Hex/Erth       7%         N/A       22%         4
 Cause Fear               Hex            7%         N/A       28%         4
 Call Imp                 Summ           6%         N/A       32%         2
 Sublimation of Blood     Necr           3%         N/A       32%         2
 Summon Forest            Summ/Tloc      9%         N/A       34%         5
 Mephitic Cloud           Conj/Pois/Air  5%         N/A       41%         3
 Summon Ice Beast         Ice/Summ       12%        N/A       41%         4
 Metabolic Englaciation   Hex/Ice        8%         N/A       41%         5
 Lee's Rapid Deconstruct  Erth           8%         3d7*      47%         5
 Animate Armour           Summ/Erth      20%        N/A       54%         4
 Call Canine Familiar     Summ           3%         N/A       56%         3
 Anguish                  Hex/Necr       4%         N/A       63%         4
 Fulminant Prism          Conj/Hex       4%         3d5       63%         4
 Irradiate                Conj/Tmut      6%         3d13      77%         5
 Silence                  Hex/Air        6%         N/A       77%         5
 Statue Form              Tmut/Erth      12%        N/A       89%         6
 Arcjolt                  Conj/Air       3%         1d13      98%         5
 Iskenderun's Battlesphe  Conj           3%         2d6       100%        5
 Eringya's Noxious Bog    Tmut/Pois      6%         N/A       100%        6
 Leda's Unmaking          Conj/Erth      5%         9d2       100%        6
 Simulacrum               Ice/Necr       6%         N/A       100%        6
 Dragon Form              Tmut           10%        N/A       100%        7
 Enfeeble                 Hex            7%         N/A       100%        7
 Spellforged Servitor     Conj/Summ      1%         N/A       100%        7
 Storm Form               Tmut/Air       7%         N/A       100%        7
 Summon Hydra             Summ           1%         N/A       100%        7
 Lehudib's Crystal Spear  Conj/Erth      5%         10d3      100%        8
 Maxwell's Capacitive Co  Air            5%         ∞         100%        8
 Summon Horrible Things   Summ           1%         N/A       100%        8
 Dragon's Call            Summ           1%         N/A       100%        9


Dungeon Overview and Level Annotations

Branches:
Dungeon (15/15)            Temple (0/1) D:7            Lair (5/5) D:8
 Shoals (4/4) Lair:3       Spider (4/4) Lair:2        Slime (0/5) Lair:5
    Orc (2/2) D:10            Elf (2/3) Orc:2        Vaults (5/5) D:14
  Crypt (0/3) Vaults:3     Depths (4/4) D:15            Zot (0/5) Depths:4
  Sewer (visited)         Gauntlet (visited)

Altars:
Cheibriados
Elyvilon
Gozag
Hepliaklqana
Kikubaaqudgha
Makhleb
Nemelex Xobeh
Okawaru
Ru
Trog
Uskayaw
Wu Jian
Xom
Yredelemnul
Zin
The Shining One
Jiyva

Shops:
D:4 (   D:5 =   D:14 :   Orc:2 *[[!   Shoals:1 *   Vaults:1 :   Vaults:2 [:
Vaults:3 :

Portals:
Hell: Depths:1 Depths:2 Depths:3 Depths:4
Abyss: Depths:3
Pandemonium: Depths:1 Depths:2 Depths:3
Ziggurat: Depths:3

Annotations:
D:5 2 runed translucent doors, dialectric's ghost, weakling GrDe
D:11 Shard Shrike, Gastronok
Lair:5 1 runed translucent door


Innate Abilities, Weirdness & Mutations

You are amphibious.
You cover ground slowly.
You can hop long distances.
You have an extended range of vision and can be seen from far away.
[You are very clumsy. (Dex -4)]
[Armour fits poorly on your strangely shaped body.]
[You are extremely frail. (-30% HP)]
[Your magical capacity is low. (-10% MP)]
[You are very weak. (Str -4)]
[You are very vulnerable to cold. (rC--)]
[Your spells are a little easier to cast, but a little less powerful.]
[You sometimes lose the ability to drink potions when taking damage.]
[You sometimes lose the ability to read scrolls when taking damage.]


Message History

The vault sentinel points at you and mumbles some strange words.
A sentinel's mark forms upon you. The titan barely misses you.
The deep elf high priest mumbles some strange prayers to its god against you.
Something smites you!
You feel threatened and lose the ability to read scrolls!
You feel threatened and lose the ability to drink potions!
The golden dragon breathes cold at you. The bolt of cold hits you!!!
You feel a terrible chill!
Ouch! That really hurt!
* * * LOW HITPOINT WARNING * * *
You emit a cloud of colourful smoke!
The deep elf zephyrmancer gestures wildly while chanting.
The deep elf zephyrmancer blinks!
An orc warrior comes into view. It is wielding a +0 trident.
The orc moves out of view.
You hear a shout! x2; You hear a horrible gurgling sound! x4
Unknown command.
Unknown command.
Unknown command.
You cannot drink potions in your current state!
Unknown command.
You are too injured to fight recklessly!
Unknown command.
You hear a horrible gurgling sound!
You hear a shout!
You hear a horrible gurgling sound!
Your +7 demon blade of freezing glows with a cold blue light!
a - a +7 demon blade of freezing (weapon)
The deep elf zephyrmancer gestures wildly while chanting.
The deep elf zephyrmancer blinks!
The golden dragon breathes fire at you. The bolt of fire hits you! You resist.
* * * LOW HITPOINT WARNING * * *
You cannot drink potions in your current state!
Unknown command.
The deep elf high priest utters a dark prayer and points at you.
Your life force is offered up.
You die...
Xom laughs nastily!

.........
......pp
.........
....#...
####..$.e.#####.
#...
###...........# #
#...
##...C..........
#...
##....e.e........
#...
##..D.....e..=/)e
#...
#.....§§...§.# #.
##.cp.§§9.@.###
#...e.○C§####
#...o..###
#..ooX## .....:#
.....o( ..#...$
..#[.oo ##!


You could see a tentacled monstrosity, a titan, a golden dragon (catching
breath), a yaktaur captain, a deep elf annihilator, a deep elf death mage, an
ettin, a deep elf demonologist, a war gargoyle, a vault sentinel, 2 deep elf
high priests, a deep elf zephyrmancer, an orc wizard and 2 orcs.

Vanquished Creatures
  An ancient lich (Abyss:3)
  Mara (Depths:1)
  A juggernaut (Depths:4)
  Bai Suzhen (Spider:3)
  A profane servitor (Abyss:4)
  A bone dragon (Abyss:3)
  A hellephant (Depths:1)
  Zenata (Vaults:1)
  7 liches
  A deep elf blademaster (Elf:2)
  Polyphemus (Shoals:2)
  8 tentacled starspawn
  A kraken (Shoals:4)
  2 shadow dragons (Depths:4)
  A shadow dragon (shapeshifter) (Orc:2)
  8 sphinxes
  Agnes (Spider:3)
  2 tengu reavers
  A storm dragon (Depths:3)
  Ilsuiw (Shoals:3)
  A daeva (Abyss:3)
  8 vault wardens
  4 fire giants
  2 frost giants
  Aizul (Depths:1)
  8 emperor scorpions
  2 iron dragons (Depths:3)
  A draconian scorcher (Depths:4)
  5 ghost moths
  A cacodemon (Abyss:3)
  4 draconian stormcallers (Depths:4)
  9 ironbound preservers
  2 orc warlords
  9 broodmothers
  2 spriggan defenders (Depths:2)
  5 vampire knights
  5 stone giants
  13 very ugly things
  A deep elf demonologist (Elf:1)
  14 dire elephants
  7 ironbound thunderhulks
  A black draconian (Depths:4)
  A spark wasp (Depths:3)
  A red draconian (Depths:4)
  3 minotaurs
  A purple draconian (Depths:4)
  Snorg (Orc:1)
  An ettin (shapeshifter) (Vaults:4)
  4 green deaths (Depths:2)
  2 fire dragons
  4 ettins
  An entropy weaver (shapeshifter) (Abyss:3)
  5 great orbs of eyes
  8 entropy weavers
  3 merfolk javelineers
  11 yaktaur captains
  5 merfolk impalers
  6 ice dragons
  4 jorogumos
  7 vault guards
  6 hydras
  8 ironbound frosthearts
  3 rakshasas
  An ogre mage (Vaults:4)
  A spriggan air mage (Depths:2)
  A caustic shrike simulacrum (Abyss:3)
  2 catoblepae
  5 radroaches
  A death knight (D:15)
  2 merfolk avatars
  14 centaur warriors
  26 dancing weapons
  2 alligator snapping turtles
  7 two-headed ogres
  15 satyrs
  A merfolk aquamancer (Shoals:3)
  6 tengu warriors
  A vampire mage (Depths:3)
  7 boulder beetles
  8 deep troll earth magi
  5 demonic crawlers
  7 thrashing horrors
  9 deep troll shamans
  12 death yaks
  9 hell hogs (Depths:1)
  5 orc high priests
  5 spriggan berserkers
  9 deep elf knights
  A spatial maelstrom (Abyss:3)
  2 sun moths
  8 skysharks
  3 wretched stars (Abyss:3)
  3 iron trolls
  A skeletal warrior (D:15)
  9 pharaoh ants
  2 flayed ghosts
  2 salamander mystics (Depths:4)
  13 sea snakes
  9 orb spiders
  3 glowing orange brains
  31 deep trolls
  5 wizards
  11 lindwurms
  A tengu zombie (Depths:2)
  10 harpies
  8 deep elf archers
  8 deep elf zephyrmancers
  4 phantasmal warriors
  9 steelbarb worms
  5 orc knights
  11 ironbound convokers
  21 deep elf pyromancers
  2 necromancers
  2 orc sorcerers
  24 starcursed masses (Abyss:3)
  40 ugly things
  7 salamanders
  An oklob plant (Lair:4)
  9 cyclopes
  12 manticores
  29 fauns
  28 wolf spiders
  2 elephants (Lair:4)
  A salamander (shapeshifter) (D:14)
  2 frost giant skeletons (Depths:2)
  3 moths of wrath
  3 black mambas
  11 merfolk sirens
  An eye of devastation (Vaults:1)
  11 vault sentinels
  A gargoyle (Gauntlet)
  9 cane toads
  An apocalypse crab (Abyss:3)
  4 water nymphs
  2 orange demons
  A spriggan zombie (Depths:2)
  40 yaktaurs
  Maggie (Lair:2)
  5 torpor snails
  4 komodo dragons
  A kobold demonologist (D:14)
  4 efreet
  A rime drake (shapeshifter) (D:13)
  A freezing wraith (Abyss:3)
  An ancient zyme (Abyss:3)
  A queen bee (D:12)
  13 meliai
  27 merfolk
  3 hornets
  12 large abominations
  4 trolls
  A hornet (shapeshifter) (D:13)
  A shadow dragon simulacrum (Abyss:2)
  2 polar bears
  37 tarantellas
  7 wind drakes
  5 raiju
  6 blink frogs
  9 snapping turtles
  9 dream sheep
  4 air elementals
  26 jumping spiders
  34 slime creatures
  A centaur simulacrum (D:14)
  2 spriggans (Depths:2)
  4 wraiths
  33 yaks
  19 culicivoras
  7 water elementals
  4 wyverns
  2 shadows
  2 basilisks (Lair:4)
  A neqoxec (Abyss:3)
  57 redbacks
  A redback (shapeshifter) (Depths:3)
  2 steam dragons (Gauntlet)
  A spatial vortex (Abyss:3)
  A warg (shapeshifter) (D:15)
  2 wargs
  3 chaos spawn (Abyss:3)
  12 water moccasins
  A floating eye (Elf:2)
  20 orc warriors
  2 sky beasts (D:7)
  2 black bears (D:5)
  10 small abominations
  15 wolves
  4 ogres
  9 centaurs
  A phantom (D:4)
  5 kobold brigands
  2 earth elementals
  11 bullfrogs
  A scorpion (D:5)
  A gnoll sergeant (D:5)
  3 wights (D:9)
  41 killer bees
  5 electric eels
  3 howler monkeys
  A jelly (D:6)
  A quasit (Abyss:3)
  An iron imp (D:12)
  31 orc priests
  3 hounds
  2 iguanas (D:7)
  4 hell rats (Lair:5)
  3 sleepcaps
  23 orc wizards
  Terence (D:3)
  Robin (D:3)
  7 gnolls (D:5)
  18 adders
  4 river rats
  2 white imps
  2 ufetubi (Abyss:3)
  2 worms (D:4)
  2 dart slugs
  57 orcs
  8 ball pythons
  5 bats (D:1)
  5 endoplasms
  5 hobgoblins
  13 jackals
  4 quokkas
  4 frilled lizards
  14 goblins
  A goblin zombie (D:4)
  4 hobgoblin zombies (D:4)
  28 kobolds
  3 kobold skeletons (D:4)
  A kobold zombie (D:4)
  An orc skeleton (D:4)
  2 orc zombies (D:4)
  8 rats
  11 starspawn tentacles
1610 creatures vanquished.

Vanquished Creatures (collateral kills)
  A storm dragon (Lair:5)
  An emperor scorpion (Spider:2)
  An entropy weaver (Vaults:1)
  A catoblepas (Lair:5)
  A dancing weapon (Elf:2)
  A boulder beetle (Vaults:1)
  A demonic crawler (Spider:3)
  A thrashing horror (Abyss:3)
  A sea snake (Elf:1)
  A steelbarb worm (Spider:3)
  A deep elf archer (Elf:2)
  An ironbound convoker (Vaults:3)
  A necromancer (Depths:2)
  2 deep elf zephyrmancers (Elf:1)
  A frost giant zombie (Depths:2)
  A deep elf pyromancer (Elf:2)
  2 ugly things (Vaults:3)
  3 fauns
  A wizard (Vaults:3)
  2 wolf spiders
  A large abomination (Abyss:3)
  A gargoyle (D:10)
  An orange demon (Abyss:3)
  A minotaur zombie (Gauntlet)
  A yaktaur (Vaults:1)
  5 dream sheep
  2 tarantellas (Spider:1)
  4 slime creatures (Vaults:1)
  A wraith (Abyss:3)
  3 yaks
  5 starcursed masses (Abyss:3)
  A basilisk (Lair:3)
  6 redbacks
  A water moccasin (Lair:5)
  A bullfrog (D:7)
  An orc (D:7)
  A jackal (Sewer)
  5 kobolds (D:7)
66 creatures vanquished.

Vanquished Creatures (others)
  A broodmother (Spider:4)
  An entropy weaver (Spider:1)
  3 dancing weapons
  A deep elf knight (Elf:2)
  An orb spider (Spider:3)
  A wolf spider (Spider:2)
  2 tarantellas
  2 culicivoras
  A redback (Spider:3)
  An endoplasm (D:4)
  A butterfly (Lair:5)
  19 starspawn tentacles
  4 tentacles (Shoals:4)
38 creatures vanquished.

Grand Total: 1714 creatures vanquished

Notes
Turn   | Place    | Note
-------+----------+-------------------------------------------
     0 | D:1      | ragingrage the Barachi Chaos Knight began the quest for the
                  | Orb.
     0 | D:1      | Reached XP level 1. HP: 18/18 MP: 1/1
    18 | D:1      | XOM: potion effect (brilliance)
   128 | D:1      | Reached XP level 2. HP: 16/25 MP: 2/2
   377 | D:1      | Reached skill level 4 in Fighting
   440 | D:1      | XOM: god gift: runed lead wand {god gift}
   501 | D:1      | Reached XP level 3. HP: 30/30 MP: 3/3
   598 | D:1      | XOM: god gift: murky golden potion {god gift}
  1115 | D:2      | XOM: silly message
  1119 | D:2      | Learned a level 2 spell: Ensorcelled Hibernation
  1400 | D:2      | XOM: silly message
  1574 | D:3      | Reached XP level 4. HP: 37/37 MP: 4/4
  1662 | D:3      | Found an opulent altar of Gozag.
  1747 | D:3      | Noticed Terence
  1817 | D:3      | Noticed Robin
  1820 | D:3      | XOM: noise
  1826 | D:3      | Killed Robin
  1827 | D:3      | Reached skill level 1 in Ice Magic
  1829 | D:3      | Reached skill level 1 in Hexes
  1889 | D:3      | Killed Terence
  2011 | D:4      | Reached XP level 5. HP: 35/42 MP: 5/5
  2015 | D:4      | Learned a level 2 spell: Passwall
  2015 | D:4      | Upgraded the game from 0.31-a0-180-g519b7de00c to
                  | 0.31-a0-182-gc5ef74bbde
  2135 | D:4      | Found a glowing drain.
  2146 | Sewer    | Entered a sewer
  2187 | Sewer    | Reached XP level 6. HP: 48/48 MP: 6/6
  2296 | Sewer    | XOM: confuse monster(s)
  2400 | Sewer    | Reached skill level 1 in Short Blades
  2440 | Sewer    | XOM: noise
  2678 | Sewer    | Reached XP level 7. HP: 55/55 MP: 7/7
  2912 | D:4      | XOM: smoke on damage
  2978 | D:4      | Found a snail-covered altar of Cheibriados.
  2979 | D:4      | Found Olesij's Antique Weapon Shop.
  2994 | D:4      | XOM: silly message
  3004 | D:4      | XOM: divination: magic mapping
  3013 | D:4      | XOM: destruction
  3018 | D:4      | Reached skill level 1 in Stealth
  3075 | D:4      | Found a glowing golden altar of the Shining One.
  3213 | D:4      | Found an ornate altar of the Wu Jian Council.
  3316 | D:5      | Entered Level 5 of the Dungeon
  3415 | D:5      | Found an iron altar of Okawaru.
  3454 | D:5      | XOM: 1-stop teleportation journey
  3466 | D:5      | XOM: swap monsters
  3493 | D:5      | Found Borr's Jewellery Boutique.
  3513 | D:5      | XOM: confuse monster(s)
  3557 | D:5      | Reached XP level 8. HP: 57/61 MP: 8/8
  3654 | D:5      | Found a large runed translucent door.
  3656 | D:5      | Found a large runed translucent door.
  3656 | D:5      | Noticed dialectric's ghost (weakling GrDe)
  3710 | D:5      | Identified the +2 flail of Wesezy {vamp, Drain rF+++ SInv
                  | Stlth+}
  3852 | D:5      | XOM: noise
  3881 | D:5      | Reached skill level 1 in Spellcasting
  4037 | D:5      | XOM: chaos cloud
  4150 | D:5      | Identified the +4 lajatang of Oninehuc {spect, *Corrode
                  | rC+++ rN+ Str+4}
  4433 | D:6      | XOM: swap monsters
  4566 | D:6      | Reached skill level 5 in Ice Magic
  4571 | D:6      | Reached skill level 5 in Hexes
  4789 | D:6      | Got the Tome of Moulding and Striking
  4861 | D:6      | Reached skill level 5 in Short Blades
  5078 | D:7      | XOM: fake destruction
  5081 | D:7      | Reached XP level 9. HP: 62/67 MP: 12/12
  5147 | D:7      | XOM: cloud trail
  5177 | D:7      | Found a staircase to the Ecumenical Temple.
  5179 | D:7      | XOM: polymorph kobold brigand -> bullfrog
  5180 | D:7      | Reached skill level 1 in Shields
  5359 | D:7      | Found a glowing silver altar of Zin.
  5378 | D:7      | XOM: silly message
  5675 | D:8      | Found a staircase to the Lair.
  5726 | D:8      | XOM: give mutations
  5726 | D:8      | Gained mutation: You are partially covered in iridescent
                  | scales. (AC +2) [Xom's grace]
  5726 | D:8      | Gained mutation: Your mind is acute. (Int +4, Str/Dex -1)
                  | [Xom's grace]
  5726 | D:8      | Gained mutation: You are agile. (Dex +4, Str/Int -1) [Xom's
                  | grace]
  5912 | D:8      | Noticed a boulder beetle
  5924 | D:8      | XOM: cleaving
  5936 | D:8      | Killed a boulder beetle
  5993 | D:8      | Noticed a two-headed ogre
  6006 | D:8      | Killed a two-headed ogre
  6007 | D:8      | Reached XP level 10. HP: 60/73 MP: 10/13
  6025 | D:8      | XOM: scenery: 1 doors open
  6061 | D:8      | XOM: cloud trail
  6112 | D:8      | Found an ancient bone altar of Kikubaaqudgha.
  6141 | D:8      | Noticed a two-headed ogre
  6145 | D:8      | XOM: cleaving
  6159 | D:8      | a two-headed ogre changed into a wolf spider
  6159 | D:8      | Noticed a wolf spider
  6159 | D:8      | XOM: polymorph two-headed ogre -> wolf spider
  6170 | D:8      | XOM: blink monster(s)
  6171 | D:8      | Killed a wolf spider
  6265 | D:8      | Found a burning altar of Makhleb.
  6554 | D:8      | XOM: summons 1 hostile shadow creature
  6584 | D:8      | XOM: give mutations
  6584 | D:8      | Gained mutation: Your system is resistant to poisons.
                  | (rPois) [Xom's mischief]
  6584 | D:8      | Gained mutation: [You occasionally lose the ability to read
                  | scrolls when taking damage.] [Xom's mischief]
  6584 | D:8      | Lost mutation: You are partially covered in iridescent
                  | scales. (AC +2) [Xom's mischief]
  6584 | D:8      | Lost mutation: You are agile. (Dex +4, Str/Int -1) [Xom's
                  | mischief]
  6774 | D:9      | XOM: confusion
  6800 | D:9      | XOM: 2-stop teleportation journey
  6828 | D:9      | XOM: give mutations
  6828 | D:9      | Gained mutation: You possess an exceptional clarity of
                  | mind. [Xom's grace]
  6828 | D:9      | Gained mutation: Your mind is very acute. (Int +8, Str/Dex
                  | -2) [Xom's grace]
  6851 | D:9      | XOM: scenery: 3 doors open
  6884 | D:8      | Reached skill level 5 in Transmutations
  6968 | D:9      | XOM: fake destruction
  7071 | D:9      | XOM: cast spell 'Summon Mana Viper'
  7365 | D:9      | XOM: summons friendly quasit
  7382 | D:9      | XOM: swap monsters
  7548 | D:9      | Reached skill level 5 in Stealth
  7816 | D:9      | XOM: scenery: summon butterflies
  7875 | D:10     | Entered Level 10 of the Dungeon
  7935 | D:10     | XOM: noise
  7982 | D:10     | XOM: give mutations
  7982 | D:10     | Lost mutation: [You occasionally lose the ability to read
                  | scrolls when taking damage.] [Xom's mischief]
  7982 | D:10     | Gained mutation: [You occasionally lose the ability to read
                  | scrolls when taking damage.] [Xom's mischief]
  7999 | D:10     | Found a white marble altar of Elyvilon.
  8019 | D:10     | Noticed a gargoyle
  8020 | D:10     | Noticed a two-headed ogre
  8030 | D:10     | Killed a gargoyle
  8036 | D:10     | Killed a two-headed ogre
  8124 | D:10     | Found a hazy altar of Hepliaklqana.
  8276 | D:10     | XOM: smoke on damage
  8302 | D:10     | Found a staircase to the Orcish Mines.
  8308 | D:10     | Found a bloodstained altar of Trog.
  8310 | D:10     | Noticed a two-headed ogre
  8316 | D:10     | XOM: confuse monster(s)
  8317 | D:10     | XOM: swap monsters
  8327 | D:10     | HP: 3/73 [two-headed ogre/+0 giant spiked club (26)]
  8334 | D:10     | Killed a two-headed ogre
  8335 | D:10     | Reached XP level 11. HP: 20/78 MP: 14/14
  8412 | D:10     | XOM: give mutations
  8412 | D:10     | Lost mutation: Your mind is very acute. (Int +8, Str/Dex
                  | -2) [Xom's mischief]
  8412 | D:10     | Gained mutation: You are occasionally teleported next to
                  | monsters. [Xom's mischief]
  8728 | D:12     | Reached skill level 5 in Fighting
  8741 | D:11     | XOM: fog
  8791 | D:11     | Noticed a two-headed ogre
  8824 | D:11     | Noticed Gastronok
  8840 | D:11     | XOM: chaos cloud
  8844 | D:11     | Paralysed by you for 3 turns
  8868 | D:11     | Gastronok changed into Gastronok the shard shrike
  8868 | D:11     | Noticed Gastronok
  8868 | D:11     | XOM: polymorph Gastronok -> Gastronok the shard shrike
  8871 | D:11     | XOM: stat loss: -1 Str (13/14)
  8872 | D:11     | XOM: smoke on damage
  8897 | D:11     | XOM: noise
  8898 | D:11     | Found a sparkling altar of Nemelex Xobeh.
  9089 | Lair:1   | Entered Level 1 of the Lair of Beasts
  9091 | Lair:1   | Reached skill level 6 in Fighting
  9105 | Lair:1   | XOM: swap monsters
  9211 | Lair:1   | Reached skill level 5 in Dodging
  9273 | Lair:1   | XOM: summons 2 hostile demons
  9283 | Lair:1   | Gained mutation: [You are weak. (Str -2)] [a neqoxec]
  9340 | Lair:1   | XOM: silly message
  9341 | Lair:1   | Lost mutation: Your mind is acute. (Int +4, Str/Dex -1)
                  | [potion of mutation]
  9341 | Lair:1   | Lost mutation: [You occasionally lose the ability to read
                  | scrolls when taking damage.] [potion of mutation]
  9341 | Lair:1   | Lost mutation: Your system is resistant to poisons. (rPois)
                  | [potion of mutation]
  9341 | Lair:1   | Gained mutation: You are robust. (+10% HP) [potion of
                  | mutation]
  9341 | Lair:1   | Gained mutation: Your movements are slightly less
                  | encumbered by armour. (ER -2) [potion of mutation]
  9341 | Lair:1   | Gained mutation: You expend magic power (3 MP) to
                  | strengthen your wands. [potion of mutation]
  9408 | Lair:1   | Noticed a death yak
  9408 | Lair:1   | Noticed a death yak
  9409 | Lair:1   | Noticed a death yak
  9409 | Lair:1   | Noticed a death yak
  9444 | Lair:1   | Killed a death yak
  9450 | Lair:1   | Noticed a skyshark
  9452 | Lair:1   | Killed a death yak
  9453 | Lair:1   | Reached skill level 7 in Fighting
  9453 | Lair:1   | Reached skill level 5 in Long Blades
  9543 | Lair:1   | Killed a skyshark
  9682 | Lair:1   | XOM: cast spell 'Olgreb's Toxic Radiance'
  9691 | Lair:1   | XOM: potion effect (curing)
  9695 | Lair:1   | Reached skill level 8 in Fighting
  9835 | Lair:1   | XOM: silly message
  9898 | Lair:1   | XOM: divination: magic mapping
  9911 | Lair:1   | XOM: silly message
  9919 | Lair:1   | Killed a death yak
  9968 | Lair:1   | Killed a death yak
  9969 | Lair:1   | Reached XP level 12. HP: 84/103 MP: 15/15
 10253 | Lair:1   | XOM: silly message
 10343 | Lair:1   | XOM: confuse monster(s)
 10355 | Lair:1   | XOM: noise
 10499 | Lair:1   | XOM: god gift: scroll of noise
 10512 | Lair:2   | Reached skill level 9 in Fighting
 10513 | Lair:2   | XOM: confuse monster(s)
 10519 | Lair:2   | XOM: silly message
 10576 | Lair:2   | Found a gate leading to a gauntlet.
 10576 | Lair:2   | XOM: 1-stop teleportation journey
 10593 | Gauntlet | Entered a Gauntlet
 10593 | Gauntlet | Found a transporter.
 10593 | Gauntlet | Found a runed translucent gate.
 10593 | Gauntlet | Found a runed translucent gate.
 10593 | Gauntlet | Found a runed translucent gate.
 10604 | Gauntlet | Found a transporter.
 10607 | Gauntlet | Found a transporter.
 10608 | Gauntlet | Found a transporter.
 10611 | Gauntlet | Noticed a catoblepas
 10619 | Gauntlet | Found a transporter.
 10620 | Gauntlet | Found a transporter.
 10620 | Gauntlet | Found a transporter.
 10628 | Gauntlet | Found a transporter.
 10631 | Gauntlet | Found a transporter.
 10632 | Gauntlet | Found a transporter.
 10640 | Gauntlet | Found a transporter.
 10645 | Gauntlet | Found a transporter.
 10646 | Gauntlet | Found a transporter.
 10654 | Gauntlet | Found a transporter.
 10871 | Gauntlet | Noticed a minotaur
 10882 | Gauntlet | a minotaur changed into a catoblepas
 10882 | Gauntlet | Noticed a catoblepas
 10882 | Gauntlet | XOM: polymorph minotaur -> catoblepas
 10900 | Gauntlet | a catoblepas changed into something unseen
 10900 | Gauntlet | XOM: polymorph catoblepas -> something unseen
 11075 | Lair:2   | XOM: enchant monster (good)
 11077 | Lair:2   | XOM: potion effect (invisibility)
 11083 | Lair:2   | XOM: fog
 11416 | Lair:2   | Found a hole to the Spider Nest.
 11457 | Lair:2   | Noticed Maggie
 11464 | Lair:2   | XOM: confuse monster(s)
 11473 | Lair:2   | Killed Maggie
 11474 | Lair:2   | Reached skill level 10 in Fighting
 11513 | Lair:2   | XOM: divination: detect items
 11960 | Lair:2   | XOM: silly message
 12013 | Lair:2   | Noticed an eight-headed hydra
 12021 | Lair:2   | Killed an eight-headed hydra
 12100 | Lair:2   | XOM: cloud trail
 12202 | Lair:3   | XOM: divination: magic mapping
 12212 | Lair:3   | Noticed a four-headed hydra
 12226 | Lair:3   | Killed a one-headed hydra
 12261 | Lair:3   | XOM: summons 5 friendly demons
 12275 | Lair:3   | Reached skill level 11 in Fighting
 12335 | Lair:3   | XOM: cleaving
 12376 | Lair:3   | XOM: divine lightning
 12380 | Lair:3   | XOM: confuse monster(s)
 12385 | Lair:3   | XOM: cast spell 'Death Channel'
 12433 | Lair:3   | Noticed an eight-headed hydra
 12439 | Lair:3   | XOM: summons friendly quasit
 12444 | Lair:3   | Killed a three-headed hydra
 12445 | Lair:3   | Reached skill level 12 in Fighting
 12520 | Lair:3   | XOM: potion effect (heal wounds)
 12530 | Lair:3   | XOM: summons friendly crimson imp
 12533 | Lair:3   | XOM: summons 4 friendly demons
 12537 | Lair:3   | Gained mutation: You can hop long distances. [Barachi
                  | growth]
 12537 | Lair:3   | Reached XP level 13. HP: 97/119 MP: 8/16
 13233 | Lair:4   | Reached skill level 13 in Fighting
 13260 | Lair:4   | Found the +5 Storm Queen's Shield {shock, Fly rElec}
 13303 | Lair:4   | XOM: enchant monster (bad)
 13317 | Lair:4   | XOM: 1-stop teleportation journey
 13342 | Lair:4   | Reached skill level 1 in Evocations
 13531 | Lair:4   | XOM: summons 3 friendly demons
 13554 | Lair:4   | XOM: give mutation
 13554 | Lair:4   | Gained mutation: You have a pair of small antennae on your
                  | head. [Xom's grace]
 13775 | Lair:4   | XOM: silly message
 13918 | Lair:4   | XOM: cleaving
 13987 | Lair:4   | XOM: polymorph elephant -> wind drake
 13993 | Lair:4   | XOM: cast spell 'Necromutation'
 13998 | Lair:4   | XOM: summons friendly quasit
 14003 | Lair:4   | XOM: cast spell 'Summon Ice Beast'
 14013 | Lair:4   | XOM: summons 4 hostile shadow creatures
 14533 | Lair:5   | Entered Level 5 of the Lair of Beasts
 14600 | Lair:5   | XOM: blink monster(s)
 14726 | Lair:5   | XOM: enchant monster (good)
 14788 | Lair:5   | XOM: torment (62/122 hp)
 14857 | Lair:5   | Reached skill level 5 in Shields
 14899 | Lair:5   | XOM: summons friendly white imp
 14985 | Lair:5   | a catoblepas changed into a storm dragon
 14985 | Lair:5   | Noticed a storm dragon
 14985 | Lair:5   | XOM: polymorph catoblepas -> storm dragon
 14999 | Lair:5   | Killed a storm dragon
 15000 | Lair:5   | Reached skill level 10 in Long Blades
 15021 | Lair:5   | XOM: noise
 15297 | Lair:5   | XOM: potion effect (haste)
 15298 | Lair:5   | XOM: potion effect (might)
 15310 | Lair:5   | XOM: swap monsters
 15311 | Lair:5   | XOM: give mutation
 15311 | Lair:5   | Gained mutation: You have a somewhat thin skeletal
                  | structure. (Dex +2, Stealth+) [Xom's mischief]
 15319 | Lair:5   | XOM: summons friendly ufetubus
 15409 | Lair:5   | Reached XP level 14. HP: 129/129 MP: 17/17
 15554 | Lair:5   | Found a runed translucent door.
 15558 | Lair:5   | Found a viscous altar of Jiyva.
 15559 | Lair:5   | Noticed an acid blob
 15580 | Lair:5   | XOM: give mutations
 15580 | Lair:5   | Gained mutation: [You are clumsy. (Dex -2)] [Xom's
                  | mischief]
 15580 | Lair:5   | Lost mutation: You possess an exceptional clarity of mind.
                  | [Xom's mischief]
 15580 | Lair:5   | Lost mutation: [You are clumsy. (Dex -2)] [Xom's mischief]
 15580 | Lair:5   | Lost mutation: You have a pair of small antennae on your
                  | head. [Xom's mischief]
 15695 | Lair:5   | Found a staircase to the Slime Pits.
 15695 | Lair:5   | Noticed an acid blob
 15695 | Lair:5   | Noticed an acid blob
 15880 | Lair:5   | XOM: enchant monster (good)
 16009 | Lair:5   | Identified the +12 flail "Xeqivot" {vamp, rElec}
 16259 | Orc:1    | XOM: noise
 16259 | Orc:1    | Entered Level 1 of the Orcish Mines
 16436 | Orc:1    | Noticed Snorg
 16440 | Orc:1    | Killed Snorg
 16578 | Orc:2    | Entered Level 2 of the Orcish Mines
 16579 | Orc:2    | XOM: polymorph orc warrior -> hound
 16589 | Orc:2    | Noticed an orc warlord
 16594 | Orc:2    | XOM: confuse monster(s)
 16684 | Orc:1    | Killed an orc warlord
 16887 | Orc:1    | XOM: confuse monster(s)
 17010 | Orc:2    | Found a staircase to the Elven Halls.
 17343 | Orc:2    | XOM: enchant monster (good)
 17558 | Orc:2    | XOM: divination: detect creatures
 17607 | Orc:2    | XOM: divination: detect items
 17732 | Orc:2    | XOM: divination: detect creatures
 17737 | Orc:1    | Reached skill level 10 in Shields
 17840 | Orc:2    | Found Plog's Armour Shop.
 17840 | Orc:2    | Found Jimmezuo's Distillery.
 17840 | Orc:2    | Found Sarhol's Antique Armour Boutique.
 17845 | Orc:2    | Found Foranuy's Assorted Antiques.
 17854 | Orc:2    | Bought a scroll labelled BAED XORGHARONODAH for 29 gold
                  | pieces
 17854 | Orc:2    | Bought a wooden wand for 116 gold pieces
 17854 | Orc:2    | Bought a long bronze wand for 116 gold pieces
 17860 | Orc:2    | Bought a pair of bloodstained boots for 209 gold pieces
 17860 | Orc:2    | Identified the +2 pair of boots "Kox Obby" {rF++ rC+} (You
                  | bought it in a shop on level 2 of the Orcish Mines)
 18232 | D:5      | Bought the ring "Pisohef" {rPois Will+ Slay+4} for 1422
                  | gold pieces
 18459 | D:12     | XOM: summons 2 friendly demons
 18461 | D:12     | XOM: cast spell 'Disjunction'
 18608 | D:12     | XOM: summons 6 friendly demons
 18613 | D:12     | XOM: cast spell 'Necromutation'
 18788 | D:12     | Found a snail-covered altar of Cheibriados.
 19079 | D:13     | XOM: god gift: scroll of blinking
 19092 | D:13     | XOM: god gift: 15 gold pieces
 19193 | D:13     | XOM: 2-stop teleportation journey
 19352 | D:13     | XOM: enchant monster (good)
 19353 | D:13     | XOM: destruction
 19354 | D:13     | XOM: polymorph manticore -> redback
 19372 | D:13     | XOM: 3-stop teleportation journey
 19665 | D:13     | You are sucked into a shaft and drop 2 floors!
 19665 | D:15     | Entered Level 15 of the Dungeon
 19675 | D:15     | Found a staircase to the Depths.
 19675 | D:15     | Noticed a dire elephant
 19684 | D:15     | Killed a dire elephant
 19711 | D:15     | XOM: stat loss: -1 Int (13/14)
 19735 | D:15     | XOM: confuse monster(s)
 19805 | D:15     | XOM: potion effect (experience)
 19805 | D:15     | Reached XP level 15. HP: 136/136 MP: 18/18
 19830 | D:15     | Reached XP level 16. HP: 144/144 MP: 19/19
 19862 | D:15     | XOM: divination: detect creatures
 19869 | D:15     | XOM: cast spell 'Summon Ice Beast'
 19885 | D:15     | XOM: noise
 19889 | D:15     | XOM: summons 11 friendly demons
 19892 | D:15     | XOM: summons 2 friendly demons
 19919 | D:15     | XOM: enchant monster (bad)
 19952 | D:15     | Reached skill level 15 in Shields
 20034 | D:15     | XOM: noise
 20257 | D:15     | XOM: confusion
 20271 | D:15     | XOM: summons 1 hostile shadow creature
 20276 | D:15     | Reached skill level 14 in Fighting
 20499 | D:14     | Found Rueniys's Book Shop.
 20512 | D:14     | XOM: chaos upgrade
 20515 | D:14     | XOM: summons 4 hostile shadow creatures
 20640 | D:14     | XOM: give mutation
 20640 | D:14     | Gained mutation: Your mind is acute. (Int +4, Str/Dex -1)
                  | [Xom's grace]
 20663 | D:14     | XOM: scenery: create altars
 20709 | D:14     | XOM: silly message
 20838 | D:14     | XOM: silly message
 20870 | D:14     | XOM: noise
 20872 | D:14     | Found a gate to the Vaults.
 20875 | D:14     | XOM: confuse monster(s)
 20879 | D:14     | Reached skill level 15 in Fighting
 20943 | D:14     | XOM: fog
 20965 | D:14     | XOM: divination: magic mapping
 21031 | D:14     | Reached skill level 10 in Dodging
 21042 | D:14     | XOM: god gift: 8 stones
 21181 | D:14     | Found a hide-covered altar of Uskayaw.
 21551 | Spider:1 | Entered Level 1 of the Spider Nest
 21608 | Spider:1 | XOM: destruction
 21643 | Spider:1 | XOM: polymorph jorogumo -> swamp dragon
 21652 | Spider:1 | XOM: destruction
 21653 | Spider:1 | Paralysed by a jorogumo for 3 turns
 21836 | Spider:1 | XOM: 3-stop teleportation journey
 21896 | Spider:1 | Reached skill level 5 in Evocations
 22039 | Spider:1 | XOM: 6-stop teleportation journey
 22041 | Spider:1 | XOM: cast spell 'Summon Ice Beast'
 22049 | Spider:1 | XOM: fog
 22050 | Spider:1 | Reached skill level 5 in Earth Magic
 22182 | Spider:1 | XOM: god gift: ring of willpower
 22355 | Spider:1 | XOM: enchant monster (good)
 22627 | Spider:1 | Reached XP level 17. HP: 156/156 MP: 20/20
 22696 | Spider:1 | XOM: god gift: 2 stones
 23280 | Shoals:1 | Entered Level 1 of the Shoals
 23368 | Shoals:1 | XOM: confuse monster(s)
 23379 | Shoals:1 | XOM: summons friendly shadow imp
 23390 | Shoals:1 | Found Wyam's Mass Market.
 23396 | Shoals:1 | XOM: summons 16 friendly demons
 23397 | Shoals:1 | XOM: enchant monster (good)
 23407 | Shoals:1 | XOM: confuse monster(s)
 23559 | Shoals:2 | XOM: fog
 23624 | Shoals:2 | XOM: confuse monster(s)
 23692 | Shoals:2 | Noticed Polyphemus
 23745 | Shoals:2 | XOM: confuse monster(s)
 23761 | Shoals:2 | XOM: divination: detect items
 23951 | Shoals:2 | XOM: give mutations
 23951 | Shoals:2 | Gained mutation: Your flesh is cold resistant. (rC+) [Xom's
                  | mischief]
 23951 | Shoals:2 | Gained mutation: [You are very weak. (Str -4)] [Xom's
                  | mischief]
 23951 | Shoals:2 | Gained mutation: Your spells are a little harder to cast,
                  | but a little more powerful. [Xom's mischief]
 23973 | Shoals:2 | XOM: scenery: summon butterflies
 23984 | Shoals:2 | XOM: 2-stop teleportation journey
 24162 | Shoals:2 | XOM: swap monsters
 24163 | Shoals:2 | XOM: silly message
 24176 | Shoals:2 | Killed Polyphemus
 24227 | Shoals:2 | XOM: scenery: create altars
 24735 | Shoals:3 | Noticed Ilsuiw
 24751 | Shoals:1 | XOM: scenery: summon butterflies
 24884 | Shoals:1 | XOM: give mutation
 24884 | Shoals:1 | Gained mutation: You have sharp toenails. [Xom's grace]
 25146 | Shoals:1 | Identified the +4 arbalest of Sin {flame, rElec rPois
                  | Str+2}
 25204 | Shoals:1 | Reached skill level 10 in Evocations
 25258 | Shoals:1 | XOM: enchant monster (good)
 25259 | Shoals:1 | XOM: give mutations
 25259 | Shoals:1 | Gained mutation: You are partially covered in iridescent
                  | scales. (AC +2) [Xom's grace]
 25259 | Shoals:1 | Gained mutation: Your system is resistant to poisons.
                  | (rPois) [Xom's grace]
 25259 | Shoals:1 | Gained mutation: Your natural rate of healing is unusually
                  | fast. [Xom's grace]
 25259 | Shoals:1 | Gained mutation: You passively map a small area around you.
                  | [Xom's grace]
 25665 | Shoals:3 | Identified the ring of Ukia {*Slow Fly rElec rN+ EV+5} (Xom
                  | gifted it to you on level 3 of the Shoals)
 25665 | Shoals:3 | XOM: god gift: ring of Ukia {*Slow Fly rElec rN+ EV+5}
 25671 | Shoals:3 | XOM: divine lightning
 25676 | Shoals:3 | XOM: divination: detect items
 25855 | Shoals:3 | XOM: cast spell 'Summon Ice Beast'
 25877 | Shoals:3 | XOM: torment (78/156 hp)
 25879 | Shoals:3 | XOM: noise
 25991 | Shoals:3 | XOM: repel stairs
 26088 | Shoals:3 | XOM: smoke on damage
 26090 | Shoals:3 | XOM: confuse monster(s)
 26106 | Shoals:3 | Killed Ilsuiw
 26109 | Shoals:3 | XOM: divination: detect creatures
 26380 | Shoals:3 | XOM: silly message
 26388 | Shoals:3 | XOM: potion effect (might)
 26682 | Shoals:4 | Entered Level 4 of the Shoals
 26688 | Shoals:4 | XOM: butterfly on damage
 26690 | Shoals:4 | XOM: potion effect (attraction)
 26692 | Shoals:4 | XOM: enchant monster (bad)
 26731 | Shoals:2 | XOM: silly message
 26750 | Shoals:3 | XOM: scenery: summon butterflies
 26767 | Shoals:3 | XOM: give mutations
 26767 | Shoals:3 | Lost mutation: [You are very weak. (Str -4)] [Xom's grace]
 26767 | Shoals:3 | Gained mutation: You have hidden genetic potential. [Xom's
                  | grace]
 26767 | Shoals:3 | Gained mutation: You have a pair of small horns on your
                  | head. [Xom's grace]
 26813 | Shoals:4 | XOM: potion effect (brilliance)
 26822 | Shoals:4 | Reached XP level 18. HP: 163/163 MP: 21/21
 26915 | Shoals:4 | XOM: cast spell 'Summon Small Mammal'
 26957 | Shoals:4 | XOM: 5-stop teleportation journey
 27043 | Shoals:4 | XOM: scenery: summon butterflies
 27078 | Shoals:4 | XOM: fake destruction
 27154 | Shoals:4 | XOM: summons 3 friendly demons
 27160 | Shoals:4 | XOM: 2-stop teleportation journey
 27167 | Shoals:4 | XOM: scenery: summon butterflies
 27215 | Shoals:4 | XOM: summons 1 friendly demon
 27231 | Shoals:4 | Reached skill level 5 in Armour
 27279 | Shoals:4 | XOM: 8-stop teleportation journey
 27333 | Shoals:4 | XOM: noise
 27370 | Shoals:4 | XOM: cloud trail
 27377 | Shoals:4 | XOM: cleaving
 27426 | Shoals:4 | XOM: divination: detect items
 27452 | Shoals:4 | XOM: scenery: 1 doors close
 27454 | Shoals:4 | XOM: cast spell 'Summon Horrible Things'
 27572 | Shoals:4 | XOM: god gift: 6 stones
 27586 | Shoals:4 | XOM: enchant monster (bad)
 27587 | Shoals:4 | XOM: enchant monster (good)
 27761 | Shoals:4 | XOM: blink monster(s)
 27878 | Shoals:4 | Identified the staff of Duty {rElec Will+ Air}
 27926 | Shoals:4 | XOM: cast spell 'Olgreb's Toxic Radiance'
 27990 | Shoals:4 | Identified the amulet of the Firefly {Acrobat MP+9 Dex+3}
 28017 | Shoals:4 | Got a barnacled rune of Zot
 28019 | Shoals:4 | Identified the +0 crystal plate armour of Indemnity {rCorr
                  | Slay+6 Stlth-}
 28332 | Elf:1    | Entered Level 1 of the Elven Halls
 28467 | Elf:1    | Paralysed by an air elemental for 1 turns
 28473 | Elf:1    | Paralysed by an air elemental for 1 turns
 28525 | Elf:1    | XOM: potion effect (might)
 28537 | Elf:1    | Paralysed by an air elemental for 1 turns
 28553 | Elf:1    | Noticed a Tzitzimitl
 28569 | Elf:1    | XOM: summons 7 friendly demons
 28573 | Elf:1    | Noticed a quicksilver dragon
 28578 | Elf:1    | a quicksilver dragon changed into an iron troll
 28592 | Orc:2    | an iron troll changed into a quicksilver dragon
 28592 | Orc:2    | Noticed a quicksilver dragon (glowing shapeshifter)
 28595 | Orc:2    | a quicksilver dragon changed into a fire giant
 28605 | Orc:2    | XOM: enchant monster (good)
 28715 | Elf:1    | XOM: potion effect (brilliance)
 28733 | Elf:1    | XOM: summons friendly iron imp
 28768 | Orc:2    | XOM: give mutations
 28768 | Orc:2    | Gained mutation: You are resistant to electric shocks.
                  | (rElec) [Xom's grace]
 28768 | Orc:2    | Gained mutation: You are strong-willed. (Will+) [Xom's
                  | grace]
 28768 | Orc:2    | Gained mutation: You are mostly covered in iridescent
                  | scales. (AC +4) [Xom's grace]
 28768 | Orc:2    | Gained mutation: Your movements are less encumbered by
                  | armour. (ER -4) [Xom's grace]
 28777 | Elf:1    | XOM: enchant monster (good)
 28907 | Elf:1    | XOM: polymorph deep elf archer -> sea snake
 28921 | Elf:1    | Gained mutation: You possess an exceptional clarity of
                  | mind. [hidden potential]
 29129 | Elf:1    | Got the Quarto of the Gathering
 29298 | Elf:1    | Identified the +1 pair of gloves "Notzuef" {*Corrode rPois
                  | Str+2 Dex+4}
 29404 | Elf:2    | XOM: divination: detect items
 29411 | Elf:2    | XOM: god gift: wand of digging (7)
 29419 | Elf:2    | XOM: divination: detect items
 29445 | Elf:2    | Reached skill level 10 in Armour
 29461 | Elf:2    | XOM: confuse monster(s)
 29537 | Elf:2    | XOM: polymorph deep elf pyromancer -> merfolk
 29543 | Elf:2    | XOM: summons 8 friendly demons
 29549 | Elf:2    | Reached skill level 15 in Evocations
 29554 | Elf:2    | Reached XP level 19. HP: 154/170 MP: 22/22
 29592 | Elf:2    | XOM: potion effect (invisibility)
 29703 | Elf:2    | Paralysed by an air elemental for 1 turns
 29707 | Elf:2    | Paralysed by an air elemental for 1 turns
 29782 | Elf:2    | Found a runed translucent gate.
 29783 | Elf:2    | Found a runed translucent gate.
 29783 | Elf:2    | Found a runed translucent gate.
 29791 | Elf:2    | XOM: give mutations
 29791 | Elf:2    | Gained mutation: You have a moderately thin skeletal
                  | structure. (Dex +4, Stealth++) [Xom's grace]
 29791 | Elf:2    | Gained mutation: You are highly strong-willed. (Will++)
                  | [Xom's grace]
 29791 | Elf:2    | Gained mutation: You are very robust. (+20% HP) [Xom's
                  | grace]
 30022 | Elf:2    | XOM: scenery: create altars
 30042 | Elf:2    | XOM: divination: detect creatures
 30248 | Elf:2    | XOM: scenery: summon butterflies
 30306 | Elf:2    | XOM: polymorph deep elf zephyrmancer -> floating eye
 30318 | Elf:2    | XOM: cast spell 'Cause Fear'
 30325 | Elf:2    | XOM: noise
 30405 | Elf:2    | XOM: potion effect (berserk rage)
 30543 | Elf:2    | XOM: give mutations
 30543 | Elf:2    | Lost mutation: You have a moderately thin skeletal
                  | structure. (Dex +4, Stealth++) [Xom's mischief]
 30543 | Elf:2    | Lost mutation: You are highly strong-willed. (Will++)
                  | [Xom's mischief]
 30543 | Elf:2    | Lost mutation: You are resistant to electric shocks.
                  | (rElec) [Xom's mischief]
 30783 | D:14     | Bought an Inescapable Atlas for 608 gold pieces
 30786 | D:14     | Learned a level 2 spell: Blink
 30791 | D:14     | Learned a level 4 spell: Manifold Assault
 30795 | D:14     | Learned a level 3 spell: Ozocubu's Armour
 31067 | Lair:4   | XOM: summons 1 hostile shadow creature
 31083 | Lair:4   | XOM: give mutations
 31083 | Lair:4   | Lost mutation: You have a pair of small horns on your head.
                  | [Xom's mischief]
 31083 | Lair:4   | Lost mutation: You expend magic power (3 MP) to strengthen
                  | your wands. [Xom's mischief]
 31083 | Lair:4   | Lost mutation: You possess an exceptional clarity of mind.
                  | [Xom's mischief]
 31177 | Spider:1 | Gained mutation: [You occasionally lose the ability to read
                  | scrolls when taking damage.] [mutagenic glow]
 31250 | Spider:2 | XOM: noise
 31302 | Spider:2 | Reached skill level 1 in Translocations
 31365 | Spider:2 | XOM: noise
 31425 | Spider:2 | XOM: confuse monster(s)
 31615 | Spider:2 | XOM: summons friendly iron imp
 31625 | Spider:2 | XOM: confuse monster(s)
 31634 | Spider:2 | Reached skill level 5 in Spellcasting
 31717 | Spider:2 | XOM: divination: magic mapping
 31780 | Spider:2 | XOM: fog
 32281 | Spider:2 | XOM: fog
 32290 | Spider:2 | XOM: scenery: create altars
 32294 | Spider:2 | Gained mutation: [Your magical capacity is low. (-10% MP)]
                  | [mutagenic glow]
 32298 | Spider:2 | Reached skill level 5 in Translocations
 32369 | Spider:2 | XOM: god gift: 42 gold pieces
 32525 | Spider:2 | Found a hide-covered altar of Uskayaw.
 32636 | Spider:3 | XOM: summons 16 friendly demons
 32657 | Spider:3 | XOM: summons 15 friendly demons
 32664 | Spider:3 | Noticed Bai Suzhen
 32665 | Spider:3 | Noticed Agnes
 32666 | Spider:3 | Gained mutation: You are completely covered in iridescent
                  | scales. (AC +6) [hidden potential]
 32666 | Spider:3 | Lost mutation: You have hidden genetic potential. [hidden
                  | potential expressed]
 32668 | Spider:3 | XOM: destruction
 32672 | Spider:3 | XOM: scenery: summon butterflies
 32677 | Spider:3 | XOM: cast spell 'Summon Small Mammal'
 32682 | Spider:3 | Killed Agnes
 32684 | Spider:3 | XOM: destruction
 32720 | Spider:3 | XOM: summons 3 hostile demons
 32727 | Spider:3 | XOM: swap monsters
 32732 | Spider:3 | XOM: swap monsters
 32742 | Spider:4 | Entered Level 4 of the Spider Nest
 32763 | Spider:4 | XOM: give mutations
 32763 | Spider:4 | Lost mutation: Your spells are a little harder to cast, but
                  | a little more powerful. [Xom's mischief]
 32763 | Spider:4 | Lost mutation: Your movements are less encumbered by
                  | armour. (ER -4) [Xom's mischief]
 32763 | Spider:4 | Lost mutation: You are completely covered in iridescent
                  | scales. (AC +6) [Xom's mischief]
 32858 | Spider:3 | XOM: 2-stop teleportation journey
 32900 | Spider:3 | Killed Bai Suzhen
 32905 | Spider:3 | XOM: stat loss: -1 Str (12/14)
 32911 | Spider:3 | XOM: give mutation
 32911 | Spider:3 | Lost mutation: Your movements are slightly less encumbered
                  | by armour. (ER -2) [Xom's mischief]
 33126 | Spider:2 | XOM: scenery: summon butterflies
 33456 | Spider:3 | Identified the +11 dagger of Tumult {heavy, Int-2 Dex+7
                  | SInv}
 33969 | Spider:4 | XOM: enchant monster (bad)
 33971 | Spider:4 | XOM: fog
 33980 | Spider:3 | Reached XP level 20. HP: 194/194 MP: 6/24
 34120 | Spider:3 | XOM: noise
 34169 | Spider:3 | XOM: summons friendly iron imp
 34260 | Spider:4 | Reached skill level 10 in Translocations
 34511 | Spider:4 | XOM: 1-stop teleportation journey
 34534 | Spider:4 | XOM: confusion (+ monsters)
 34543 | Spider:4 | XOM: summons 2 friendly demons
 34570 | Spider:4 | XOM: silly message
 34801 | Spider:4 | XOM: enchant monster (good)
 34833 | Spider:3 | XOM: give mutation
 34833 | Spider:3 | Lost mutation: You have sharp toenails. [Xom's mischief]
 34938 | Spider:4 | XOM: summons friendly iron imp
 34994 | Spider:4 | XOM: potion effect (might)
 35211 | Spider:4 | XOM: cloud trail
 35240 | Spider:4 | Identified the staff of Exhibitionism {rPois rF+ Poison}
 35260 | Spider:4 | XOM: noise
 35282 | Spider:4 | XOM: silly message
 35550 | Spider:4 | Got a gossamer rune of Zot
 36087 | Vaults:1 | Entered Level 1 of the Vaults
 36090 | Vaults:1 | XOM: divination: detect creatures
 36091 | Vaults:1 | XOM: potion effect (heal wounds)
 36095 | Vaults:1 | XOM: divination: detect creatures
 36265 | Vaults:1 | XOM: confuse monster(s)
 36269 | Vaults:1 | XOM: summons friendly crimson imp
 36305 | Vaults:1 | XOM: give mutations
 36305 | Vaults:1 | Lost mutation: You are mostly covered in iridescent scales.
                  | (AC +4) [Xom's mischief]
 36305 | Vaults:1 | Lost mutation: You have a somewhat thin skeletal structure.
                  | (Dex +2, Stealth+) [Xom's mischief]
 36305 | Vaults:1 | Lost mutation: [You are weak. (Str -2)] [Xom's mischief]
 36375 | Vaults:1 | XOM: enchant monster (good)
 36683 | Vaults:1 | XOM: god gift: scroll of enchant weapon
 36686 | Vaults:1 | XOM: cast spell 'Summon Dragon'
 36977 | Vaults:1 | XOM: silly message
 37221 | Vaults:1 | Noticed Zenata
 37226 | Vaults:1 | XOM: enchant monster (bad)
 37232 | Vaults:1 | Killed Zenata
 37241 | Vaults:1 | Found Amumuall's Book Emporium.
 37255 | Vaults:1 | XOM: cast spell 'Disjunction'
 37357 | Vaults:1 | Bought a book of Blood for 420 gold pieces
 37360 | Vaults:1 | Learned a level 2 spell: Wereblood
 37546 | Vaults:1 | XOM: give mutations
 37546 | Vaults:1 | Gained mutation: [You sometimes lose the ability to read
                  | scrolls when taking damage.] [Xom's mischief]
 37546 | Vaults:1 | Lost mutation: You passively map a small area around you.
                  | [Xom's mischief]
 37641 | Vaults:1 | Identified a scroll of acquirement
 37735 | Vaults:1 | Acquired 736 gold pieces
 37746 | Vaults:1 | XOM: noise
 38084 | Vaults:2 | XOM: give mutations
 38084 | Vaults:2 | Lost mutation: You are very robust. (+20% HP) [Xom's
                  | mischief]
 38084 | Vaults:2 | Lost mutation: You are strong-willed. (Will+) [Xom's
                  | mischief]
 38084 | Vaults:2 | Gained mutation: [You are clumsy. (Dex -2)] [Xom's
                  | mischief]
 38084 | Vaults:2 | Lost mutation: [You sometimes lose the ability to read
                  | scrolls when taking damage.] [Xom's mischief]
 38096 | Vaults:2 | XOM: smoke on damage
 38256 | Vaults:2 | Found Hudizod's Armour Boutique.
 38258 | Vaults:2 | XOM: 3-stop teleportation journey
 38283 | Vaults:2 | XOM: blink monster(s)
 38474 | Vaults:2 | Reached XP level 21. HP: 185/185 MP: 11/27
 38623 | Vaults:2 | XOM: divination: detect items
 38640 | Vaults:2 | XOM: stat loss: -1 Str (15/16)
 38778 | Vaults:2 | XOM: destruction
 39189 | Vaults:2 | Found Ganak's Book Boutique.
 39302 | Vaults:2 | XOM: enchant monster (bad)
 39574 | Vaults:2 | XOM: fog
 39634 | Vaults:2 | XOM: give mutations
 39634 | Vaults:2 | Gained mutation: You are strong-willed. (Will+) [Xom's
                  | mischief]
 39634 | Vaults:2 | Lost mutation: [You are clumsy. (Dex -2)] [Xom's mischief]
 39634 | Vaults:2 | Lost mutation: Your system is resistant to poisons. (rPois)
                  | [Xom's mischief]
 40023 | Vaults:2 | XOM: summons 8 hostile demons
 40151 | Vaults:2 | XOM: give mutations
 40151 | Vaults:2 | Gained mutation: You are agile. (Dex +4, Str/Int -1) [Xom's
                  | grace]
 40151 | Vaults:2 | Gained mutation: Your mind is very acute. (Int +8, Str/Dex
                  | -2) [Xom's grace]
 40151 | Vaults:2 | Gained mutation: You expend magic power (3 MP) to
                  | strengthen your wands. [Xom's grace]
 40151 | Vaults:2 | Gained mutation: Your muscles are strong. (Str +4, Int/Dex
                  | -1) [Xom's grace]
 40228 | Vaults:3 | XOM: swap monsters
 40278 | Vaults:3 | XOM: summons 11 hostile demons
 40298 | Vaults:3 | XOM: 1-stop teleportation journey
 40490 | Vaults:3 | XOM: give mutation
 40490 | Vaults:3 | Lost mutation: You are strong-willed. (Will+) [Xom's
                  | mischief]
 40513 | Vaults:3 | Reached skill level 16 in Fighting
 40517 | Vaults:3 | XOM: 4-stop teleportation journey
 40579 | Vaults:3 | Identified the +4 great mace of Cimoneoc {flame, rCorr}
 40698 | Vaults:3 | XOM: cast spell 'Monstrous Menagerie'
 40727 | Vaults:3 | XOM: give mutations
 40727 | Vaults:3 | Lost mutation: You are partially covered in iridescent
                  | scales. (AC +2) [Xom's mischief]
 40727 | Vaults:3 | Lost mutation: Your mind is very acute. (Int +8, Str/Dex
                  | -2) [Xom's mischief]
 40727 | Vaults:3 | Lost mutation: You are agile. (Dex +4, Str/Int -1) [Xom's
                  | mischief]
 40727 | Vaults:3 | Gained mutation: You are strong-willed. (Will+) [Xom's
                  | mischief]
 40873 | Vaults:3 | Found a staircase to the Crypt.
 40873 | Vaults:3 | Found an ancient bone altar of Kikubaaqudgha.
 40873 | Vaults:3 | Found a basalt altar of Yredelemnul.
 41073 | Vaults:3 | XOM: destruction
 41232 | Vaults:3 | XOM: divination: magic mapping
 41375 | Vaults:3 | XOM: confuse monster(s)
 41795 | Vaults:3 | Found Fosa's Book Shoppe.
 42162 | Vaults:4 | Reached skill level 17 in Fighting
 42266 | Vaults:4 | XOM: enchant monster (bad)
 42278 | Vaults:4 | XOM: noise
 42458 | Vaults:4 | Learned a level 4 spell: Passage of Golubria
 42469 | Vaults:4 | Learned a level 2 spell: Lesser Beckoning
 42531 | Vaults:4 | XOM: noise
 42554 | Vaults:4 | XOM: silly message
 42841 | Vaults:4 | XOM: cast spell 'Summon Ice Beast'
 42871 | Vaults:4 | XOM: summons friendly ufetubus
 42877 | Vaults:4 | XOM: 1-stop teleportation journey
 43141 | Vaults:4 | Reached skill level 15 in Dodging
 43225 | Vaults:4 | XOM: 7-stop teleportation journey
 43241 | Vaults:4 | XOM: divination: detect creatures
 43386 | Vaults:4 | XOM: confusion (+ monsters)
 43452 | Vaults:4 | XOM: swap monsters
 43464 | Vaults:4 | XOM: summons friendly shadow imp
 43483 | Vaults:4 | Reached skill level 18 in Fighting
 43515 | Vaults:4 | XOM: give mutations
 43515 | Vaults:4 | Gained mutation: Your body sometimes deteriorates upon
                  | taking damage. [Xom's mischief]
 43515 | Vaults:4 | Lost mutation: Your mind is acute. (Int +4, Str/Dex -1)
                  | [Xom's mischief]
 43515 | Vaults:4 | Lost mutation: [You occasionally lose the ability to read
                  | scrolls when taking damage.] [Xom's mischief]
 43658 | Vaults:4 | XOM: 9-stop teleportation journey
 43669 | Vaults:4 | Reached XP level 22. HP: 187/202 MP: 10/29
 44090 | Vaults:4 | XOM: give mutations
 44090 | Vaults:4 | Gained mutation: Your flesh is heat resistant. (rF+) [Xom's
                  | grace]
 44090 | Vaults:4 | Gained mutation: You are resistant to electric shocks.
                  | (rElec) [Xom's grace]
 44191 | Vaults:4 | XOM: silly message
 44373 | Depths:1 | Entered Level 1 of the Depths
 44373 | Depths:1 | Found a sacrificial altar of Ru.
 44409 | Depths:1 | Found a one-way gate leading to the halls of Pandemonium.
 44468 | Depths:1 | Learned a level 3 spell: Vhi's Electric Charge
 44498 | Depths:1 | Noticed Mara
 44512 | Depths:1 | Noticed ragingrage's illusion
 44529 | Depths:1 | XOM: noise
 44765 | Depths:1 | XOM: polymorph Mara -> Mara
 44777 | Depths:1 | Noticed ragingrage's illusion
 44777 | Depths:1 | Killed Mara
 44778 | Depths:1 | Reached skill level 1 in Air Magic
 44848 | Depths:1 | XOM: 1-stop teleportation journey
 44895 | Depths:1 | Noticed Aizul
 44898 | Depths:1 | Killed Aizul
 44955 | Depths:1 | XOM: confusion (+ monsters)
 45075 | Depths:1 | XOM: 8-stop teleportation journey
 45101 | Depths:1 | Found a gateway to Hell.
 45102 | Depths:1 | XOM: summons 16 friendly demons
 45121 | Depths:1 | XOM: polymorph hell hog -> rakshasa
 45751 | Depths:2 | XOM: noise
 45788 | Depths:2 | XOM: 1-stop teleportation journey
 45798 | Depths:2 | Reached skill level 19 in Fighting
 45801 | Depths:2 | Identified the +0 helmet of Pragmatism {rElec Regen+
                  | Stlth+}
 45817 | Depths:2 | Identified the staff of the Sun {rF+ rC+ Ice}
 45903 | Depths:2 | XOM: 2-stop teleportation journey
 46255 | Depths:2 | XOM: summons friendly crimson imp
 46361 | Depths:2 | Reached skill level 20 in Fighting
 46614 | Depths:2 | XOM: smoke on damage
 46617 | Depths:2 | XOM: confuse monster(s)
 46663 | Depths:2 | XOM: enchant monster (good)
 46828 | Depths:2 | Found the +8 orange crystal plate armour {Archmagi, Int+3
                  | Clar}
 46900 | Depths:2 | Found the +2 cloak of the Thief {*Fog Slay-2 SInv Stlth+}
 47001 | Depths:3 | XOM: enchant monster (bad)
 47251 | Depths:3 | Identified the +12 orcbow "Ishetiron" {elec, rN+ rCorr
                  | Int+3 Dex+2}
 47255 | Depths:3 | Identified the +8 dire flail "Solixt" {flame, Str+3 Int+4}
 47260 | Depths:3 | Found a one-way gateway to a ziggurat.
 47286 | Depths:3 | Found a one-way gate to the infinite horrors of the Abyss.
 47417 | Depths:3 | XOM: summons 3 hostile shadow creatures
 47607 | Depths:3 | XOM: silly message
 47613 | Depths:3 | XOM: cast spell 'Alistair's Intoxication'
 47675 | Depths:3 | XOM: potion effect (heal wounds)
 47683 | Depths:3 | XOM: confusion (+ monsters)
 48437 | Depths:3 | XOM: enchant monster (bad)
 48463 | Depths:3 | XOM: silly message
 48465 | Depths:3 | XOM: swap monsters
 48474 | Depths:3 | XOM: confusion
 48762 | Depths:4 | Entered Level 4 of the Depths
 48777 | Depths:3 | XOM: chaos upgrade
 48779 | Depths:3 | Reached XP level 23. HP: 178/215 MP: 10/30
 48878 | Depths:4 | XOM: cast spell 'Summon Dragon'
 48891 | Depths:3 | XOM: give mutations
 48891 | Depths:3 | Lost mutation: Your muscles are strong. (Str +4, Int/Dex
                  | -1) [Xom's mischief]
 48891 | Depths:3 | Lost mutation: Your flesh is cold resistant. (rC+) [Xom's
                  | mischief]
 48891 | Depths:3 | Gained mutation: Your flesh is cold resistant. (rC+) [Xom's
                  | mischief]
 48891 | Depths:3 | Lost mutation: Your flesh is cold resistant. (rC+) [Xom's
                  | mischief]
 48910 | Depths:3 | XOM: confusion (+ monsters)
 49007 | Depths:3 | XOM: noise
 49106 | Depths:4 | XOM: blink monster(s)
 49118 | Depths:4 | XOM: cast spell 'Disjunction'
 49121 | Depths:4 | XOM: polymorph red draconian -> minotaur
 49121 | Depths:4 | Noticed a juggernaut
 49132 | Depths:4 | Killed a juggernaut
 49146 | Depths:4 | XOM: give mutation
 49146 | Depths:4 | Lost mutation: You are resistant to electric shocks.
                  | (rElec) [Xom's mischief]
 49312 | Depths:4 | Found a gate to the Realm of Zot.
 49345 | Depths:4 | XOM: smoke on damage
 49516 | Depths:4 | XOM: silly message
 50721 | Depths:3 | Voluntarily entered the Abyss.
 50730 | Abyss:1  | Found a corrupted altar of Lugonu.
 50773 | Abyss:2  | Reached skill level 15 in Armour
 50777 | Abyss:2  | Found a corrupted altar of Lugonu.
 50790 | Abyss:2  | Found a corrupted altar of Lugonu.
 50790 | Abyss:2  | Found a corrupted altar of Lugonu.
 50854 | Abyss:2  | XOM: draining
 50855 | Abyss:2  | Found a burning altar of Makhleb.
 50858 | Abyss:2  | XOM: enchant monster (bad)
 50912 | Abyss:2  | XOM: summons 2 friendly demons
 51057 | Abyss:3  | Found a corrupted altar of Lugonu.
 51119 | Abyss:3  | Noticed an ancient lich
 51123 | Abyss:3  | XOM: divination: magic mapping
 51126 | Abyss:3  | Killed an ancient lich
 51255 | Abyss:3  | XOM: enchant monster (good)
 51270 | Abyss:3  | XOM: scenery: summon butterflies
 51282 | Depths:3 | Escaped the Abyss
 51693 | D:14     | XOM: scenery: summon butterflies
 51700 | D:14     | XOM: cloud trail
 51819 | Depths:3 | Voluntarily entered the Abyss.
 51846 | Abyss:3  | XOM: polymorph large abomination -> large abomination
 51908 | Abyss:3  | XOM: god gift: 46 gold pieces
 51917 | Abyss:3  | Found a corrupted altar of Lugonu.
 52014 | Abyss:3  | Found a corrupted altar of Lugonu.
 52024 | Abyss:3  | XOM: scenery: create altars
 52063 | Abyss:3  | XOM: divine lightning
 52091 | Abyss:3  | Found a corrupted altar of Lugonu.
 52091 | Abyss:3  | Found a corrupted altar of Lugonu.
 52100 | Abyss:3  | XOM: blink monster(s)
 52163 | Abyss:3  | XOM: scenery: summon butterflies
 52164 | Depths:3 | Escaped the Abyss
 52246 | Depths:3 | Voluntarily entered the Abyss.
 52246 | Abyss:3  | Found a corrupted altar of Lugonu.
 52281 | Abyss:3  | XOM: polymorph small abomination -> small abomination
 52321 | Abyss:3  | XOM: blink monster(s)
 52324 | Abyss:3  | XOM: cast spell 'Summon Small Mammal'
 52350 | Abyss:3  | XOM: enchant monster (bad)
 52369 | Abyss:3  | XOM: draining
 52401 | Abyss:3  | XOM: silly message
 52407 | Abyss:3  | XOM: fog
 52411 | Abyss:3  | XOM: enchant monster (bad)
 52432 | Abyss:3  | Found a corrupted altar of Lugonu.
 52437 | Abyss:3  | Got an abyssal rune of Zot
 52454 | Abyss:4  | XOM: noise
 52475 | Abyss:4  | XOM: cleaving
 52481 | Abyss:4  | XOM: summons 3 hostile demons
 52490 | Depths:3 | Escaped the Abyss
 52554 | Depths:3 | XOM: give mutations
 52554 | Depths:3 | Lost mutation: You are occasionally teleported next to
                  | monsters. [Xom's mischief]
 52554 | Depths:3 | Lost mutation: You are robust. (+10% HP) [Xom's mischief]
 52554 | Depths:3 | Lost mutation: Your flesh is heat resistant. (rF+) [Xom's
                  | mischief]
 52596 | Depths:2 | XOM: give mutations
 52596 | Depths:2 | Lost mutation: Your natural rate of healing is unusually
                  | fast. [Xom's mischief]
 52596 | Depths:2 | Lost mutation: [Your magical capacity is very low. (-20%
                  | MP)] [Xom's mischief]
 52701 | D:14     | XOM: silly message
 52726 | D:14     | XOM: divination: magic mapping
 52786 | Vaults:3 | XOM: give mutations
 52786 | Vaults:3 | Lost mutation: Your body sometimes deteriorates upon taking
                  | damage. [Xom's mischief]
 52786 | Vaults:3 | Lost mutation: You expend magic power (3 MP) to strengthen
                  | your wands. [Xom's mischief]
 52786 | Vaults:3 | Lost mutation: You are strong-willed. (Will+) [Xom's
                  | mischief]
 52841 | Vaults:4 | XOM: give mutations
 52850 | Vaults:5 | Entered Level 5 of the Vaults
 52850 | Vaults:5 | Found the -2 hat of the Alchemist {rElec rPois rF+ rC+ rN+
                  | Will+ rMut rCorr}
 52854 | Vaults:5 | Noticed a golden dragon
 52857 | Vaults:5 | XOM: smoke on damage
 52861 | Vaults:5 | Killed from afar by a deep elf high priest

Illustrated notes

Levels and vault maps discovered:
D:1:      onia_arrival_pyramid, layout_basic, serial_glass, glass_columns_b,
          glass_columns_a, kennysheep_decorative_pillar,
          minmay_misc_feat_four_crosses, hangedman_abyss_or_decor_lesser_grid,
          hangedman_decor_clover_reticule
D:2:      layout_loops_ring
D:3:      layout_rooms, nicolae_gozag_seed_capital,
          nicolae_ecumenical_oubliette, uniq_natasha, uniq_terence, uniq_robin
D:4:      layout_rooms, nicolae_tso_besieged_by_evil,
          pdpol_wu_jian_five_deadly_venoms, lemuel_round_altar, serial_shops,
          shop, lightli_sewer_entry_pipes
D:5:      layout_loops_ring, kennysheep_okawaru_gauntlet,
          ebering_ghost_disaster_area, minmay_shop_enchanted_jewellery,
          lightli_minifort
D:6:      layout_cave_pools, nrook_pool_corridor
D:7:      layout_basic, zin_treasury, minmay_temple_entry_glassed_door
D:8:      layout_basic, old_standard_altar, lemuel_doored_altar,
          dpeg_oklobed_lair, minmay_crystal_water, minmay_misc_feat_chi,
          minmay_curled_crystal
D:9:      layout_loops_corners
D:10:     layout_loops_ring, elyvilon_altar_1, mainiacjoe_overflow_alcove_1,
          bloody_trog, orc_0_dummy
D:11:     layout_irregular_city, nemelex_diamond_rough_becter, uniq_gastronok
D:12:     layout_roguey, special_room [special_room_bee],
          minmay_misc_feat_secret_circle, slow_altar_2
D:13:     layout_cave_pods, wad_floor_pattern_1
D:14:     layout_cross, david_vaults_1, serial_shops, nicolae_lakefront_shop,
          minivault_23, nicolae_uskayaw_dance_hall
D:15:     hangedman_depths_entry_try_elsewhere_first, layout_loops_cross,
          nicolae_kite_square_tiling_tiny
Lair:1:   layout_cave_pods, serial_bayou_shore_a
Lair:2:   layout_cave_pods, hellmonk_spider_entry_not_the_bees,
          gauntlet_entry_generic, infiniplex_staircase_pool, uniq_maggie
Lair:3:   layout_layer_cave, nicolae_shoals_entry_flooding
Lair:4:   layout_concentric_octagons, lemuel_fruit_tree, serial_bayou_shore_b,
          serial_bayou_shore_b, infiniplex_staircase_pool_2
Lair:5:   evilmike_catoblepas_cave, layout_regular_city, slime_entry_2,
          lemuel_fruit_fields
Shoals:1: layout_shoals, minmay_shop_mass
Shoals:2: layout_shoals, uniq_polyphemus
Shoals:3: layout_shoals, uniq_ilsuiw
Shoals:4: shoals_end_hellmonk_lost_city
Spider:1: layout_spider_delve, nicolae_spider_bug_shape
Spider:2: nicolae_spider_hilbert_zone_7 [nicolae_spider_hilbert_4_sides_1_open,
          nicolae_spider_hilbert_4_sides_1_open,
          nicolae_spider_hilbert_4_sides_1_open,
          nicolae_spider_hilbert_4_sides_1_open,
          nicolae_spider_hilbert_3_sides_1_open,
          nicolae_spider_hilbert_3_sides_1_open,
          nicolae_spider_hilbert_3_sides_1_open,
          nicolae_spider_hilbert_3_sides_1_open,
          nicolae_spider_hilbert_4_sides_1_open,
          nicolae_spider_hilbert_4_sides_1_open,
          nicolae_spider_hilbert_4_sides_1_open,
          nicolae_spider_hilbert_2_sides_1_open,
          nicolae_spider_hilbert_2_sides_1_open,
          nicolae_spider_hilbert_2_sides_1_open,
          nicolae_spider_hilbert_2_sides_1_open,
          nicolae_spider_hilbert_2_sides_1_open,
          nicolae_spider_hilbert_2_sides_1_open],
          nicolae_spider_altar_of_dancing
Spider:3: layout_spider_delve, uniq_bai_suzhen, uniq_agnes
Spider:4: hellmonk_spider_rune_endless_swarm
Orc:1:    layout_caves, serial_shops, shop, uniq_snorg
Orc:2:    st_orc_mages, layout_caves, bh_open_orc_temple
Elf:1:    eino_elf_arrival_shootout, layout_loops_cross, minmay_elf_demonology,
          minmay_misc_feat_pillars, st_stairs_11
Elf:2:    nicolae_elf_blades_crystal_corner, layout_loops_ring,
          nicolae_elf_glass_and_crystal_pillar_1, due_unseen_surprise
Vaults:1: nicolae_vaults_wine_cellar, v_misc_2, nicolae_vaults_tangram_2,
          hangedman_vaults_impose, v_misc_4, v_alt_pattern_1,
          nicolae_vaults_what_the_h, nicolae_vaults_little_squares_4,
          vaults_standard_mumra_enter_the_diamond, nicolae_vaults_double_plus_2,
          ontoclasm_vaults_loading_screen, nicolae_vaults_trapezoid_2,
          ontoclasm_vaults_decontamination, nicolae_vaults_trapezoid_2,
          nicolae_vaults_tetromino_L_1, nicolae_vaults_trapezoid_lopsided_1,
          layout_vaults_omnibox, serial_shops, shop, uniq_zenata
Vaults:2: grunt_vaults_hallway_short, nicolae_vaults_tetromino_L_1,
          nicolae_vaults_prndl, vaults_room_grid, nicolae_vaults_tangram_1,
          ontoclasm_vaults_spin, nicolae_vaults_taking_the_gang_shopping,
          vaults_room_door_ring, nicolae_vaults_little_squares_6,
          layout_vaults_chaotic_city, serial_shops, nicolae_shop_window_shopping
Vaults:3: nicolae_vaults_closet_pinwheel_6, nicolae_vaults_storage_closets_2,
          vaults_room_door_hall, nicolae_vaults_big_angled_halls,
          minmay_crypt_entry_necro_gods, grunt_vaults_twisty, v_misc_15,
          nicolae_vaults_cornered_office, nicolae_vaults_diamond_1, v_misc_33,
          ontoclasm_vaults_gateway, vaults_room_door_ring, vaults_dpeg_hooks,
          layout_vaults_ring, serial_shops, shop
Vaults:4: vaults_dpeg_encased_lava, v_misc_8, v_misc_14,
          nicolae_vaults_tetromino_L_1, nicolae_vaults_closet_pinwheel_5,
          vaults_room_grid, grunt_vaults_bifocal, st_diamondy,
          nicolae_vaults_more_shelving_1, layout_vaults_omnigrid
Vaults:5
Depths:1: layout_roguey, nicolae_ru_awakened_eye, grunt_hell_horde, pan_entry,
          serial_sigils, serial_sigils_hangedman_confine,
          serial_sigils_hangedman_gnaw, serial_sigils_hangedman_scratch,
          serial_sigils_hangedman_snap, uniq_mara, uniq_aizul
Depths:2: cheibrodos_poisonous_passages, layout_gridlike, hell_entry, pan_entry,
          grunt_decor_one_mirror, minmay_staircase_windowed_small
Depths:3: kennysheep_bubbly, layout_cave_shapes, enter_ziggurat_e, abyss_entry,
          nicolae_concentric_dashed_squares_wild, pf_coc_iceberg, pan_entry,
          kennysheep_two_boxes, minmay_staircase_windowed_large
Depths:4: evilmike_zot_entry_argh, layout_cave_pools, pf_hell_entry_great_geh,
          bh_walls_and_bars

Skill      XL: |  1  2  3  4  5  6  7  8  9 10 11 12 13 14 15 16 17 18 19 20 21 22 23 |
---------------+----------------------------------------------------------------------+-----
Fighting       | 4 8 12 13 15 18 20 | 20.1
Armour         | 3 4 10 11 12 18 | 18.0
Long Blades    | 4 6 8 12 13 | 13.5
Dodging        | 2 3 4 7 9 11 12 15 16 | 16.7
Ice Magic      | 2 3 4 6 8 |  8.0
Hexes          | 2 3 4 5 |  5.0
Short Blades   | 1 3 5 8 9 |  9.6
Stealth        | 2 3 7 8 |  8.0
Spellcasting   | 2 5 6 7 |  7.0
Shields        | 4 7 14 15 17 18 | 18.0
Transmutations | 3 5 7 8 |  8.2
Earth Magic    | 3 4 6 |  6.0
Evocations     | 2 6 11 15 16 | 16.0
Translocations | 9 12 13 14 | 14.1
Air Magic      | 3 |  3.0

Action                     |  1- 3 |  4- 6 |  7- 9 | 10-12 | 13-15 | 16-18 | 19-21 | 22-24 || total
---------------------------+-------+-------+-------+-------+-------+-------+-------+-------++-------
  Melee: Falchion          |   128 |   192 |    14 |    15 |    36 |       |       |       ||   385
         Dagger            |     1 |    11 |    13 |   368 |   247 |    51 |    10 |    17 ||   718
         Punch             |     1 |     2 |     5 |       |       |       |       |       ||     8
         Short sword       |       |       |   373 |   234 |       |       |       |       ||   607
         Long sword        |       |       |       |   149 |   243 |       |       |       ||   392
         Scimitar          |       |       |       |       |   194 |  1445 |  1615 |   748 ||  4002
         Headbutt          |       |       |       |       |       |   177 |    50 |       ||   227
         Demon blade       |       |       |       |       |       |       |       |   302 ||   302
  Throw: Dart              |       |       |     9 |     4 |       |       |       |       ||    13
         Boomerang         |       |       |       |     1 |       |       |       |       ||     1
   Cast: Ensorcelled Hiber |       |     2 |     5 |    51 |    47 |     9 |     1 |       ||   115
         Passwall          |       |       |       |     1 |     3 |     6 |     2 |     3 ||    15
         Manifold Assault  |       |       |       |       |       |       |   268 |   151 ||   419
         Ozocubu's Armour  |       |       |       |       |       |       |     2 |       ||     2
         Wereblood         |       |       |       |       |       |       |    14 |    24 ||    38
Ability: Hop               |     2 |       |     1 |     2 |     6 |     9 |     7 |     2 ||    29
  Evoke: Piece from Xom's  |       |     9 |       |     5 |       |       |       |       ||    14
         Wand              |       |       |     3 |    11 |     1 |    15 |     8 |     1 ||    39
         Lightning rod     |       |       |       |       |     5 |     9 |     6 |     4 ||    24
         Phantom mirror    |       |       |       |       |       |     1 |     1 |       ||     2
         Box of beasts     |       |       |       |       |       |       |     2 |     1 ||     3
         Tin of tremorston |       |       |       |       |       |       |       |     2 ||     2
    Use: Potion            |       |     2 |       |     4 |       |     5 |       |     2 ||    13
         Scroll            |       |       |     9 |    12 |     8 |    12 |     1 |    16 ||    58
   Stab: Paralysed         |     1 |     3 |       |     2 |       |     9 |       |       ||    15
         Petrified         |       |     2 |       |       |       |     5 |       |       ||     7
         Sleeping          |       |     1 |     4 |    28 |    35 |    19 |    10 |     9 ||   106
         Confused          |       |       |     2 |     7 |     3 |     9 |     2 |     4 ||    27
         Distracted        |       |       |       |     5 |     3 |     5 |    10 |     4 ||    27
         Petrifying        |       |       |       |       |     2 |       |       |       ||     2
         Invisible         |       |       |       |       |       |       |     9 |       ||     9
 Armour: Leather armour    |    72 |     9 |       |       |       |       |       |       ||    81
         Ring mail         |       |    86 |   197 |   282 |   113 |       |       |       ||   678
         Steam dragon scal |       |       |       |    14 |       |       |       |       ||    14
         Troll leather arm |       |       |       |       |    85 |   431 |   321 |   194 ||  1031
         Crystal plate arm |       |       |       |       |       |       |       |    51 ||    51
  Dodge: Dodged            |    91 |   134 |   204 |   472 |   328 |   663 |   732 |   571 ||  3195
  Block: Buckler           |       |       |    12 |   191 |    60 |       |       |       ||   263
         Kite shield       |       |       |       |       |   437 |  1575 |  1362 |   907 ||  4281

Table legend: (Time is in decaauts)
 A = Elapsed time spent in this place.
 B = Non-inter-level travel time spent in this place.
 C = Inter-level travel time spent in this place.
 D = Time resting spent in this place.
 E = Time spent auto-exploring this place.
 F = Levels seen in this place.
 G = Mean time per level.
                   A        B        C        D        E       F      G
               +--------+--------+--------+--------+--------+-----+--------+
         Total |  58246 |  52473 |   5773 |   8326 |  30064 |  49 | 1188.7 |
       Dungeon |  14933 |  12639 |   2294 |    762 |   9020 |  15 |  995.5 |
          Lair |   7800 |   6964 |    836 |    758 |   4447 |   5 | 1560.0 |
        Shoals |   5367 |   4974 |    393 |    516 |   2675 |   4 | 1341.8 |
   Spider Nest |   6767 |   6505 |    262 |   2225 |   2362 |   4 | 1691.8 |
  Orcish Mines |   2358 |   2122 |    236 |    538 |    882 |   2 | 1179.0 |
   Elven Halls |   2201 |   2075 |    126 |    208 |   1057 |   2 | 1100.5 |
        Vaults |   9308 |   8546 |    762 |    951 |   6250 |   5 | 1861.6 |
        Depths |   7158 |   6298 |    860 |   2180 |   2798 |   4 | 1789.5 |
         Abyss |   1214 |   1214 |      0 |     76 |      0 |   6 |  202.3 |
         Sewer |    680 |    680 |      0 |     21 |    391 |   1 |  680.0 |
      Gauntlet |    456 |    456 |      0 |     86 |    178 |   1 |  456.0 |
               +--------+--------+--------+--------+--------+-----+--------+

Top non-repeatable levels by time:
Vaults:2: 2515 daAuts
Vaults:4: 2500 daAuts
Depths:2: 2432 daAuts
Vaults:3: 2168 daAuts
Vaults:1: 2117 daAuts
Spider:3: 1881 daAuts
Shoals:2: 1802 daAuts
Spider:1: 1791 daAuts
Depths:3: 1780 daAuts
  Lair:5: 1691 daAuts
     D:8: 1636 daAuts
  Lair:2: 1630 daAuts
Spider:2: 1626 daAuts
  Lair:4: 1583 daAuts
  Lair:1: 1568 daAuts
